Map: Cyber Forest LE

Players

Mez

  • Race: Terran Terran
  • League: Master
  • Spawn Location: 5:00

DrDisrespect - Winner!

  • Race: Terran Terran
  • League: Master
  • Spawn Location: 11:00

VOD

Have the link to the VOD?

Description

Time

  • Played on: Aug. 20, 2019, 3:52 a.m.
  • Length: 3:44
Show
View Real Time Build Order
Export as new Build Order

Mez Terran 

Build Orders: Reaper Expand 

Get SALT Encoding   

  12  0:00  SCV  
  13  0:13  SCV  
  14  0:17  Supply Depot  
  14  0:25  SCV  
  15  0:38  SCV  
  15  0:39  Barracks  
  16  0:44  Refinery  
  16  0:51  SCV  
  17  1:03  SCV  
  18  1:16  SCV  
  19  1:28  Reaper  
  19  1:29  Orbital Command  
  20  1:43  Command Center  
  20  1:55  SCV  
  20  1:58  Supply Depot  
  21  2:01  Refinery  
  21  2:04  Barracks Reactor  
  21  2:08  SCV  
  22  2:20  SCV  
  23  2:38  Factory  
  23  2:41  Marine x2  
  24  2:48  SCV  
  25  2:54  Bunker  
  25  2:57  Orbital Command  
  25  2:59  Marine x2  
  25  3:00  Refinery  
  25  3:05  SCV  
  25  3:17  Marine x2, SCV  
  25  3:34  Starport  
Show
View Real Time Build Order
Export as new Build Order

DrDisrespect Terran - Winner!

Build Orders:  

Get SALT Encoding   

  12  0:01  SCV  
  13  0:13  SCV  
  14  0:17  Supply Depot  
  14  0:25  SCV  
  15  0:29  Refinery  
  15  0:39  SCV  
  16  0:46  Barracks  
  16  0:52  SCV  
  17  0:58  Refinery  
  17  1:04  SCV  
  18  1:17  SCV  
  19  1:35  Orbital Command, Reaper  
  19  1:39  Factory  
  20  1:45  Supply Depot  
  20  2:01  SCV  
  21  2:10  Reaper  
  22  2:17  SCV  
  23  2:23  Hellion  
  24  2:43  SCV, Reaper  
  26  2:47  Command Center  
  26  2:49  Hellion  
  28  2:52  Supply Depot  
  28  2:55  SCV, Starport  
  29  3:07  SCV  
  30  3:14  Factory Tech Lab  
  30  3:30  Barracks Reactor  
  30  3:31  SCV  
  30  3:32  Starport Tech Lab  
Tags
 
Add a new tag
Caveats
  • Supply blocks, unpowered buildings, or Contaminate may cause inaccurate times.
  • Supply counts are checked every 10 seconds.